SAA
GLENDALE HERONS @ LANNISTER UNITED LIONHEARTS
06/30/2020
 
TOP OF THE 1ST
Glendale Herons batting - Pitching for Lannister United Lionhearts : RHP Juan Cruz
Pitching: RHP Juan Cruz
Batting: RHB José Villegas 0-0: Ball
1-0: Foul Ball, location: 2F
1-1: Foul Ball, location: 2F
1-2: Strikes out swinging
Batting: LHB José Rodríguez 0-0: SINGLE (Line Drive, 89S)
Batting: RHB Héctor Moreno 0-0: Foul Ball, location: 2F
0-1: SINGLE (Groundball, 6M)
José Rodríguez to second
Batting: RHB Ángel López 0-0: Ball
1-0: Ball
2-0: Ball
3-0: Called Strike
3-1: Grounds into double play, 6-4-3 (Groundball, 6)
Top of the 1st over - 0 run(s), 2 hit(s), 0 error(s), 1 left on base; Glendale 0 - Lannister United 0
BOTTOM OF THE 1ST
Lannister United Lionhearts batting - Pitching for Glendale Herons : RHP Bob McGhee
Pitching: RHP Bob McGhee
Batting: RHB Jonathan Widdop 0-0: Called Strike
0-1: Ball
1-1: Swinging Strike
1-2: Ball
2-2: Strikes out looking
Batting: RHB Tristan Kuhn 0-0: Called Strike
0-1: Swinging Strike
0-2: Ball
1-2: Strikes out looking
Batting: RHB Thomas Vaughan 0-0: Swinging Strike
0-1: Fly out, F8 (Flyball, 8RS)
Bottom of the 1st over - 0 run(s), 0 hit(s), 0 error(s), 0 left on base; Glendale 0 - Lannister United 0
TOP OF THE 2ND
Glendale Herons batting - Pitching for Lannister United Lionhearts : RHP Juan Cruz
Batting: LHB Pedro Rodríguez 0-0: Ball
1-0: Foul Ball, location: 2F
1-1: Ball
2-1: Swinging Strike
2-2: Ball
3-2: Strikes out looking
Batting: RHB Ángel Ruezga 0-0: Ball
1-0: Ground out 6-3 (Groundball, 6S)
Batting: SHB Jim Bunker 0-0: Ball
1-0: Called Strike
1-1: Ball
2-1: Ball
3-1: Base on Balls
Batting: LHB Jim Unknown 0-0: Called Strike
0-1: Ball
1-1: Called Strike
1-2: Ball
2-2: Foul Ball, location: 2F
2-2: Foul Ball, location: 2F
2-2: Foul Ball, location: 2F
2-2: Foul Ball, location: 2F
2-2: Ball
3-2: Fly out, F7 (Line Drive, 7LS)
Top of the 2nd over - 0 run(s), 0 hit(s), 0 error(s), 1 left on base; Glendale 0 - Lannister United 0
BOTTOM OF THE 2ND
Lannister United Lionhearts batting - Pitching for Glendale Herons : RHP Bob McGhee
Batting: LHB Miguel Juárez 0-0: Ball
1-0: Fly out, F8 (Popup, 4MD)
Batting: RHB Michael Hicks 0-0: Ground out 1-3 (Groundball, 23)
Batting: LHB Alfonso Núñez 0-0: Called Strike
0-1: Foul Ball, location: 2F
0-2: SINGLE (Groundball, 4M)
Batting: RHB Curt Monroe 0-0: Ball
1-0: Ball
2-0: Called Strike
2-1: Foul Ball, location: 2F
2-2: Strikes out looking
Bottom of the 2nd over - 0 run(s), 1 hit(s), 0 error(s), 1 left on base; Glendale 0 - Lannister United 0
TOP OF THE 3RD
Glendale Herons batting - Pitching for Lannister United Lionhearts : RHP Juan Cruz
Batting: SHB Lou Boone 0-0: SINGLE (Groundball, 34D)
Batting: RHB José Villegas 0-0: Ball
1-0: Foul Ball, location: 2F
1-1: Ball
2-1: Swinging Strike
2-2: Fielders Choice at 2nd, 5-4 (Groundball, 56)
Batting: LHB José Rodríguez 0-0: Foul Ball, location: 2F
0-1: Foul Ball, location: 2F
0-2: Ball
1-2: SINGLE (Groundball, 34D) (infield hit)
José Villegas to second
Batting: RHB Héctor Moreno 0-0: Called Strike
0-1: Ball
1-1: Grounds into double play, 6-4-3 (Groundball, 56)
Top of the 3rd over - 0 run(s), 2 hit(s), 0 error(s), 1 left on base; Glendale 0 - Lannister United 0
BOTTOM OF THE 3RD
Lannister United Lionhearts batting - Pitching for Glendale Herons : RHP Bob McGhee
Batting: RHB Cale Beazley 0-0: Ball
1-0: Ball
2-0: Fly out, F9 (Line Drive, 9M)
Batting: RHB Chris Hopkins 0-0: Fly out, F8 (Flyball, 89M)
Batting: RHB Jonathan Widdop 0-0: Ball
1-0: Fly out, F3 (Popup, 3SF)
Bottom of the 3rd over - 0 run(s), 0 hit(s), 0 error(s), 0 left on base; Glendale 0 - Lannister United 0
TOP OF THE 4TH
Glendale Herons batting - Pitching for Lannister United Lionhearts : RHP Juan Cruz
Batting: RHB Ángel López 0-0: Ball
1-0: Ground out 5-3 (Groundball, 56)
Batting: LHB Pedro Rodríguez 0-0: Swinging Strike
0-1: Swinging Strike
0-2: Ball
1-2: Foul Ball, location: 2F
1-2: Ball
2-2: Strikes out swinging
Batting: RHB Ángel Ruezga 0-0: Fly out, F8 (Line Drive, 8LM)
Top of the 4th over - 0 run(s), 0 hit(s), 0 error(s), 0 left on base; Glendale 0 - Lannister United 0
BOTTOM OF THE 4TH
Lannister United Lionhearts batting - Pitching for Glendale Herons : RHP Bob McGhee
Batting: RHB Tristan Kuhn 0-0: Called Strike
0-1: Called Strike
0-2: Foul Ball, location: 2F
0-2: SINGLE (Line Drive, 8LS)
Batting: RHB Thomas Vaughan 0-0: Ball
1-0: Foul Ball, location: 2F
1-1: Ball
2-1: Foul Ball, location: 2F
2-2: Foul Ball, location: 2F
2-2: Ball
3-2: SINGLE (Line Drive, 6D)
Tristan Kuhn to second
Batting: LHB Miguel Juárez 0-0: 3-RUN HOME RUN (Flyball, 9D), Distance : 362 ft
Batting: RHB Michael Hicks 0-0: Fly out, F7 (Flyball, 78M)
Batting: LHB Alfonso Núñez 0-0: SINGLE (Line Drive, 9S)
Batting: RHB Curt Monroe 0-0: SINGLE (Line Drive, 7LS)
Alfonso Núñez to second
Batting: RHB Cale Beazley 0-0: Called Strike
0-1: Called Strike
0-2: Strikes out looking
Batting: RHB Chris Hopkins 0-0: Ball
1-0: 3-RUN HOME RUN (Flyball, 78XD), Distance : 390 ft
Batting: RHB Jonathan Widdop 0-0: Called Strike
0-1: Ball
1-1: Foul Ball, location: 2F
1-2: Fly out, F7 (Line Drive, 7M)
Bottom of the 4th over - 6 run(s), 6 hit(s), 0 error(s), 0 left on base; Glendale 0 - Lannister United 6
TOP OF THE 5TH
Glendale Herons batting - Pitching for Lannister United Lionhearts : RHP Juan Cruz
Batting: SHB Jim Bunker 0-0: Swinging Strike
0-1: Ball
1-1: Foul Ball, location: 2F
1-2: Ground out 4-3 (Groundball, 4)
Batting: LHB Jim Unknown 0-0: Ball
1-0: Swinging Strike
1-1: Called Strike
1-2: Ball
2-2: Ball
3-2: Strikes out swinging passed ball, reaches first!
Batting: SHB Lou Boone 0-0: Ball
1-0: Ball
2-0: Ball
3-0: Called Strike
3-1: Base on Balls
Jim Unknown to second
Batting: RHB José Villegas 0-0: Ball
1-0: Called Strike
1-1: SINGLE (Groundball, 56)
Jim Unknown to third
Lou Boone to second
Runner from 3rd tries for Home, SAFE, no throw or cutoff
Batting: LHB José Rodríguez 0-0: Called Strike
0-1: Ball
1-1: Swinging Strike
Reached via error on a dropped throw, E1
Lou Boone to third
José Villegas to second
Batting: RHB Héctor Moreno 0-0: Called Strike
0-1: Ball
1-1: Ball
2-1: Ball
3-1: Swinging Strike
3-2: SINGLE (Flyball, 8LS)
Lou Boone scores
José Villegas to third
José Rodríguez to second
Runner from 3rd tries for Home, SAFE, no throw or cutoff
Batting: RHB Ángel López 0-0: Called Strike
0-1: Ball
1-1: Ground out 5-3 (Groundball, 56S)
José Rodríguez to third
Héctor Moreno to second
Batting: LHB Pedro Rodríguez 0-0: Reached on error, E3 (Groundball, 3L)
José Rodríguez scores
Héctor Moreno to third
Batting: RHB Ángel Ruezga 0-0: Ball
1-0: Called Strike
1-1: Ball
2-1: Called Strike
2-2: Ball
3-2: Fly out, F8 (Flyball, 8LS)
Top of the 5th over - 4 run(s), 2 hit(s), 2 error(s), 2 left on base; Glendale 4 - Lannister United 6
BOTTOM OF THE 5TH
Lannister United Lionhearts batting - Pitching for Glendale Herons : RHP Bob McGhee
Batting: RHB Tristan Kuhn 0-0: Swinging Strike
0-1: Called Strike
0-2: Foul Ball, location: 2F
0-2: SINGLE (Line Drive, 89S)
Pitching: RHP Rafael Flores
Batting: RHB Thomas Vaughan 0-0: Ball
1-0: Called Strike
1-1: Grounds into double play, 1-6-3 (Groundball, 23)
Batting: LHB Miguel Juárez 0-0: Ball
1-0: Called Strike
1-1: Foul Ball, location: 2F
1-2: Foul Ball, location: 2F
1-2: Ball
2-2: Foul Ball, location: 2F
2-2: Ball
3-2: Foul Ball, location: 2F
3-2: Foul Ball, location: 2F
3-2: Fly out, F9 (Flyball, 9LM)
Bottom of the 5th over - 0 run(s), 1 hit(s), 0 error(s), 0 left on base; Glendale 4 - Lannister United 6
TOP OF THE 6TH
Glendale Herons batting - Pitching for Lannister United Lionhearts : RHP Juan Cruz
Batting: SHB Jim Bunker 0-0: Ball
1-0: Foul Ball, location: 2F
1-1: Ball
2-1: Ball
3-1: Foul Ball, location: 2F
3-2: Base on Balls
Batting: LHB Jim Unknown 0-0: Grounds out, U3 (Groundball, 3L)
Pitching: RHP Michel Neveu
Batting: SHB Lou Boone 0-0: Ground out 6-3 (Groundball, 6)
Batting: RHB José Villegas 0-0: Ball
1-0: Swinging Strike
1-1: Ball
2-1: SINGLE (Groundball, 13) (infield hit)
Jim Bunker to third
Batting: LHB José Rodríguez 0-0: Called Strike
0-1: Ball
1-1: Ball
2-1: SINGLE (Line Drive, 4MD)
Jim Bunker scores
José Villegas to second
Runner from 2nd tries for 3rd, SAFE, no throw or cutoff
Batting: RHB Héctor Moreno 0-0: Called Strike
0-1: Foul Ball, location: 2F
0-2: Strikes out swinging
Top of the 6th over - 1 run(s), 2 hit(s), 0 error(s), 2 left on base; Glendale 5 - Lannister United 6
BOTTOM OF THE 6TH
Lannister United Lionhearts batting - Pitching for Glendale Herons : RHP Rafael Flores
Batting: RHB Michael Hicks 0-0: Ball
1-0: Called Strike
1-1: Ground out 1-3 (Groundball, 15S)
Batting: LHB Alfonso Núñez 0-0: Ball
1-0: Foul Ball, location: 2F
1-1: Ball
2-1: Ground out 4-3 (Groundball, 4)
Batting: RHB Curt Monroe 0-0: Ball
1-0: Foul Ball, location: 2F
1-1: Fly out, F4 (Line Drive, 4)
Bottom of the 6th over - 0 run(s), 0 hit(s), 0 error(s), 0 left on base; Glendale 5 - Lannister United 6
TOP OF THE 7TH
Glendale Herons batting - Pitching for Lannister United Lionhearts : RHP Michel Neveu
Batting: RHB Ángel López 0-0: Ball
1-0: Swinging Strike
1-1: Swinging Strike
1-2: Ground out 5-3 (Groundball, 5)
Batting: LHB Pedro Rodríguez 0-0: Foul Ball, location: 2F
0-1: SINGLE (Line Drive, 34)
Batting: RHB Ángel Ruezga 0-0: Called Strike
0-1: Ball
1-1: Foul Ball, location: 2F
1-2: Ball
2-2: Foul Ball, location: 2F
2-2: Grounds into double play, 4-6-3 (Groundball, 34)
Top of the 7th over - 0 run(s), 1 hit(s), 0 error(s), 0 left on base; Glendale 5 - Lannister United 6
BOTTOM OF THE 7TH
Lannister United Lionhearts batting - Pitching for Glendale Herons : RHP Rafael Flores
Batting: RHB Cale Beazley 0-0: Ball
1-0: Ball
2-0: Ball
3-0: Called Strike
3-1: Base on Balls
Batting: RHB Chris Hopkins 0-0: SINGLE (Line Drive, 6MD)
Cale Beazley to second
Runner from 2nd tries for 3rd, SAFE, no throw or cutoff
Batting: RHB Jonathan Widdop 0-0: Called Strike
0-1: Swinging Strike
0-2: Foul Ball, location: 2F
0-2: Ball
1-2: Foul Ball, location: 2F
1-2: Ball
Wild Pitch!
Cale Beazley scores
Chris Hopkins to second
2-2: Strikes out swinging
Batting: RHB Tristan Kuhn 0-0: Foul Ball, location: 2F
0-1: Foul Ball, location: 2F
0-2: Ball
1-2: Ball
2-2: Ball
3-2: Foul Ball, location: 2F
3-2: Base on Balls
Batting: RHB Thomas Vaughan 0-0: Grounds into double play, 6-4-3 (Groundball, 6)
Bottom of the 7th over - 1 run(s), 1 hit(s), 0 error(s), 1 left on base; Glendale 5 - Lannister United 7
TOP OF THE 8TH
Glendale Herons batting - Pitching for Lannister United Lionhearts : RHP Michel Neveu
Now at C: Adrian Barr
Batting: SHB Jim Bunker 0-0: Ball
1-0: Ball
2-0: Called Strike
2-1: Ball
3-1: Base on Balls
Pitching: RHP Tom Rosas
Batting: LHB Jim Unknown 0-0: Ball
1-0: Called Strike
1-1: Ball
2-1: Ground out 5-3 (Groundball, 56S)
Jim Bunker to second
Pitching: RHP Jud White
Batting: SHB Lou Boone 0-0: Called Strike
0-1: Called Strike
0-2: Ball
1-2: Ball
2-2: Fly out, F9 (Flyball, 89XD)
Runner from 2nd tags up, SAFE at 3rd, no throw
Batting: RHB José Villegas 0-0: Ball
1-0: Foul Ball, location: 2F
1-1: Called Strike
1-2: Strikes out swinging
Top of the 8th over - 0 run(s), 0 hit(s), 0 error(s), 1 left on base; Glendale 5 - Lannister United 7
BOTTOM OF THE 8TH
Lannister United Lionhearts batting - Pitching for Glendale Herons : RHP Rafael Flores
Batting: LHB Miguel Juárez 0-0: Called Strike
0-1: Ball
1-1: Ball
2-1: Ball
3-1: Fly out, F5 (Popup, 25)
Batting: RHB Michael Hicks 0-0: SINGLE (Line Drive, 56D)
Batting: LHB Alfonso Núñez 0-0: Called Strike
0-1: Ball
1-1: Ball
2-1: Fly out, F9 (Flyball, 89D)
Pitching: RHP Alfredo Martínez
Batting: RHB Curt Monroe 0-0: Foul Ball, location: 2F
0-1: Ball
Michael Hicks is caught stealing 2nd base
Bottom of the 8th over - 0 run(s), 1 hit(s), 0 error(s), 0 left on base; Glendale 5 - Lannister United 7
TOP OF THE 9TH
Glendale Herons batting - Pitching for Lannister United Lionhearts : RHP Jud White
Pitching: RHP Rodger de Meza
Now at 1B: Javier De Jesús
Batting: LHB José Rodríguez 0-0: Ball
1-0: Ball
2-0: Called Strike
2-1: Foul Ball, location: 2F
2-2: Fly out, F9 (Popup, 34D)
Batting: RHB Héctor Moreno 0-0: Called Strike
0-1: Foul Ball, location: 2F
0-2: Strikes out looking
Batting: RHB Ángel López 0-0: Called Strike
0-1: Ball
1-1: Swinging Strike
1-2: Ball
2-2: Ball
3-2: Strikes out swinging
Top of the 9th over - 0 run(s), 0 hit(s), 0 error(s), 0 left on base; Glendale 5 - Lannister United 7
This league is powered by Out of the Park Baseball, the baseball management simulation game for PC, Mac and Linux
Friday, October 23rd, 2015 - OOTP Baseball 16.9 Build 39